 Dungeon Crawl Stone Soup version 0.24.0-123-gd5b16e6ec5 (webtiles) character file.

Game seed: 12949799082987319313, levelgen mode: deterministic

264 sagitran the Shield-Bearer (level 5, -6/45 HPs)
             Began as a Demigod Fighter on Dec 20, 2019.
             Mangled by an orc priest
             ... wielding a +0 flail
              (8 damage)
             ... on level 3 of the Dungeon.
             The game lasted 00:06:30 (1592 turns).

sagitran the Shield-Bearer (Demigod Fighter)        Turns: 1592, Time: 00:06:31

Health: -6/45      AC:  8    Str: 26    XL:     5   Next: 66%
Magic:  7/7        EV:  8    Int: 12    God:
Gold:   109        SH: 10    Dex: 15    Spells: 4/4 levels left

rFire    . . .     SeeInvis .   a - +0 long sword
rCold    . . .     Gourm    .   c - +0 shield
rNeg     . . .     Faith    .   b - +0 scale mail
rPois    .         Spirit   .   (no helmet)
rElec    .         Reflect  .   (no cloak)
rCorr    .         Harm     .   g - +0 pair of gloves (curse)
MR       .....                  (no boots)
Stlth    ..........             (no amulet)
HPRegen  0.15/turn              (no ring)
MPRegen  0.10/turn              (no ring)

@: mighty
A: high mp 1
a: no special abilities


You were on level 3 of the Dungeon.
You were not hungry.

You visited 1 branch of the dungeon, and saw 4 of its levels.

You collected 109 gold pieces.

Inventory:

Hand Weapons
 a - a +0 long sword (weapon)
Armour
 b - a +0 scale mail (worn)
 c - a +0 shield (worn)
 g - a cursed +0 pair of gloves (worn)
Wands
 s - a wand of iceblast (9)
Scrolls
 h - a scroll of blinking {unknown}
 k - a scroll of amnesia
 l - 2 scrolls of immolation {unknown}
 n - 3 scrolls of identify {unknown}
 o - 2 scrolls of teleportation {unknown}
 p - a scroll of fog {unknown}
Potions
 d - 2 potions of flight {unknown}
 e - a potion of heal wounds {unknown}
 i - 2 potions of curing {unknown}
 j - a potion of resistance {unknown}
 m - a potion of mutation {unknown}
 q - 2 potions of magic {unknown}
 r - a potion of lignification {unknown}
Comestibles
 f - a ration


   Skills:
 + Level 3.4 Fighting
 + Level 3.3 Long Blades
 + Level 3.6 Armour
 + Level 1.0 Dodging
 + Level 3.9 Shields


You had 4 spell levels left.
You didn't know any spells.
Your spell library was empty.

Dungeon Overview and Level Annotations

Branches:
Dungeon (4/15)             Temple (0/1) D:4


Innate Abilities, Weirdness & Mutations

You have an increased reservoir of magic. (+10% MP)


Message History

The quokka moves out of view.
A bat, a quokka and an orc priest come into view.
The orc priest shouts!
You closely miss the orc priest. The bat hits you but does no damage.
The orc priest begins to cast a cantrip, but forgets the words!
Your shield and scale mail prevent you from hitting the orc priest.
You block the bat's attack. You block the orc priest's attack.
The bat closely misses you. The quokka closely misses you.
You barely miss the orc. The bat barely misses you.
You block the quokka's attack.
The orc priest mumbles some strange prayers to Beogh against you.
Beogh smites you!
* * * LOW HITPOINT WARNING * * *
Your scale mail prevents you from hitting the orc.
The quokka closely misses you. The quokka barely misses you.
The orc hits you but does no damage.
The orc hits you with a cursed -1 short sword.
* * * LOW HITPOINT WARNING * * *
The orc priest hits you with a +0 flail!
You die...

....h##.#<. #
...... #.#..
#. ....#
#.#.. #
#.##♣♣♣ ....
#....
..#.....##
... ##...
.........##
.. ##..
..........#
#..
.....oo...#
#..
.....bo@.>#
#..
......ror.#
###
..........#
............
..#.....###..
# ####### ..#
.# .# # +


You could see 2 orc priests, 2 orcs, 2 quokkas and a bat.

Vanquished Creatures
  Duvessa (D:4)
  Dowan (D:4)
  3 gnolls (D:2)
  2 adders (D:2)
  2 oozes
  A worm (D:2)
  2 orcs
  3 giant cockroaches (D:1)
  4 goblins
  7 hobgoblins
  4 jackals (D:3)
  A kobold (D:1)
  A quokka (D:2)
  6 bats
  2 frilled lizards
  6 rats
46 creatures vanquished.

Notes
Turn   | Place    | Note
-------+----------+-------------------------------------------
     0 | D:1      | sagitran the Demigod Fighter began the quest for the Orb.
     0 | D:1      | Reached XP level 1. HP: 18/18 MP: 3/3
   127 | D:1      | You fall into a shaft and drop 1 floor!
   204 | D:2      | Reached XP level 2. HP: 23/25 MP: 4/4
   611 | D:1      | Reached XP level 3. HP: 31/31 MP: 5/5
  1110 | D:2      | Reached XP level 4. HP: 28/38 MP: 6/6
  1534 | D:4      | Noticed Dowan
  1535 | D:4      | Noticed Duvessa
  1555 | D:4      | Found a staircase to the Ecumenical Temple.
  1561 | D:4      | Killed Duvessa
  1561 | D:4      | Reached XP level 5. HP: 14/45 MP: 7/7
  1572 | D:4      | Killed Dowan
  1572 | D:4      | Reached skill level 1 in Dodging
  1592 | D:3      | HP: 2/45 [orc/cursed -1 short sword (3)]
  1592 | D:3      | Mangled by an orc priest

Levels and vault maps discovered:
D:1:      minmay_arrival_hallway, layout_loops_cross, item_on_display_a
D:2:      layout_basic
D:3:      layout_rooms, lemuel_doored_altar, lemuel_round_altar, serial_forest,
          infiniplex_forest_straight_5, infiniplex_forest_end_2,
          infiniplex_forest_lined_room_2, infiniplex_forest_clump_curved,
          infiniplex_forest_lined_room_2, infiniplex_forest_clump_medium,
          minivault_4, makhleb_heckhound_becter
D:4:      layout_cave_pools, dancing_weapons_uskayaw, kennysheep_mini_moat,
          minmay_temple_entry_drinking_statues, elyvilon_altar_3, uniq_duvessa,
          uniq_blork_the_orc, uniq_edmund

Skill      XL: |  1  2  3  4  5 |
---------------+----------------+-----
Shields        | 3 |  3.9
Long Blades    | 2 3 |  3.3
Fighting       | 3 |  3.4
Armour         | 3 |  3.6
Dodging        | 1 |  1.0

Action                   |  1- 3 |  4- 6 || total
-------------------------+-------+-------++-------
Melee: Long sword        |    92 |    39 ||   131
  Use: Scroll            |       |     1 ||     1
       Potion            |       |     1 ||     1
  Eat: Ration            |     1 |       ||     1
Armor: Scale mail        |    45 |    23 ||    68
Dodge: Dodged            |    36 |    21 ||    57
Block: Shield            |    63 |    29 ||    92
       Rpst.: Long sword |    12 |     6 ||    18
